 Dungeon Crawl Stone Soup version 0.22.0-38-g04b72b8 (webtiles) character file.

11 leisz the Digger (level 2, 0/15 HPs)
             Began as a Gargoyle Earth Elementalist on Aug 28, 2018.
             Slain by a goblin
             ... wielding a +0 dagger
              (3 damage)
             ... on level 1 of the Dungeon.
             The game lasted 00:01:18 (299 turns).

leisz the Digger (Gargoyle Earth Elementalist)       Turns: 299, Time: 00:01:18

Health: 0/15       AC:  4    Str: 11    XL:     2   Next: 29%
Magic:  0/5        EV: 12    Int: 15    God:
Gold:   15         SH:  0    Dex: 10    Spells: 4/5 levels left

rFire    . . .     SeeInvis .   f - -2 club (curse)
rCold    . . .     Gourm    .   (no shield)
rNeg     + + .     Faith    .   c - +0 robe
rPois    ∞         Spirit   .   (no helmet)
rElec    +         Reflect  .   (no cloak)
rCorr    .         Harm     .   (no gloves)
MR       .....                  (no boots)
Stlth    ++........             (no amulet)
HPRegen  0.05/turn              g - ring of positive energy
MPRegen  0.09/turn              (no ring)

@: very slightly contaminated
A: negative energy resistance 1, electricity resistance, unbreathing,
petrification resistance, rot immunity, AC +2
a: no special abilities


You were on level 1 of the Dungeon.
You were not hungry.

You visited 1 branch of the dungeon, and saw 1 of its levels.

You collected 15 gold pieces.

Inventory:

Hand Weapons
 f - a cursed -2 club (weapon)
Missiles
 b - 18 stones (quivered)
 e - 12 sling bullets
Armour
 c - a +0 robe (worn)
Jewellery
 g - a ring of positive energy (left hand)
Comestibles
 d - 2 rations


   Skills:
 + Level 1.8 Dodging
 + Level 2.5 Stealth
 + Level 2.1 Spellcasting
   Level 0.7 Transmutations
 + Level 3.8 Earth Magic


You had 4 spell levels left.
You knew the following spells:

 Your Spells              Type           Power        Failure   Level  Hunger
a - Sandblast             Erth           ##....       4%          1    #......

Your spell library contained the following spells:

 Spells                   Type           Power        Failure   Level  Hunger
 Passwall                 Tmut/Erth      #.......     13%         2    ###....
 Stone Arrow              Conj/Erth      #.....       30%         3    ###....
 Petrify                  Tmut/Erth      #.......     63%         4    #####..
 Lee's Rapid Deconstruct  Erth           ##........   77%         5    ######.


Dungeon Overview and Level Annotations

Branches:
Dungeon (1/15)

Altars:
The Shining One


Innate Abilities, Weirdness & Mutations

You are resistant to torment.
Your stone body is resilient. (AC +2)
You are immune to poison.
You resist negative energy. (rN+)
You are resistant to electric shocks. (rElec)
You can survive without breathing.
You are immune to petrification.
You are immune to rotting.


Message History

You are very lightly contaminated with residual magic.
Motes of dust swirl before your eyes.
Casting: Sandblast (safe; 4% risk of failure)
Confirm with . or Enter, or press ? or * to list all spells.
Aiming: Sandblast (safe; 4% risk of failure)
Press: ? - help, Shift-Dir - straight line, f/p - goblin
Aim: a goblin, wielding a dagger The blast of sand misses the goblin.
b - 18 stones The goblin misses you.
You hit the goblin but do no damage. The hobgoblin barely misses you.
The goblin hits you but does no damage.
You closely miss the goblin. The goblin hits you but does no damage.
The hobgoblin hits you with a club.
* * * LOW HITPOINT WARNING * * *
The goblin hits you but does no damage. The hobgoblin closely misses you.
You completely miss the goblin. The goblin closely misses you.
The hobgoblin hits you but does no damage.
You barely miss the goblin. The goblin hits you with a dagger.
You die...

..# #.# #.# ######
#.# #@g..# ##.##
#g#.## ... #g#.# #g#
#.#.# ##g# #.#.#
##.# #.#.#
##.#############.#.#
##.......gg...##.#.#
##.##########.##.#.#


You could see 2 hobgoblins and a goblin.

Vanquished Creatures
  A dart slug (D:1)
  A hobgoblin (D:1)
  5 jackals (D:1)
  A frilled lizard (D:1)
8 creatures vanquished.

Notes
Turn   | Place    | Note
-------+----------+-------------------------------------------
     0 | D:1      | leisz the Gargoyle Earth Elementalist began the quest for the Orb.
     0 | D:1      | Reached XP level 1. HP: 10/10 MP: 3/3
    90 | D:1      | Found a glowing golden altar of the Shining One.
   221 | D:1      | Reached XP level 2. HP: 15/15 MP: 3/5
   299 | D:1      | Slain by a goblin

Action                   || total
-------------------------++-------
Melee: Club              ||    31
       Unarmed           ||     2
 Cast: Sandblast         ||    12
Armor: Robe              ||    21
Dodge: Dodged            ||    51
